Map: [ESL] Oceanborn

Players

Creator - Winner!

  • Race: Protoss Protoss
  • Spawn Location: 11:00

Mixu

  • Race: Zerg Zerg
  • Spawn Location: 5:00

Event: ESL SC2 Masters 2023 Winter (Finals)

VOD

Have the link to the VOD?

Description

Time

  • Played on: Dec. 15, 2023, 10:13 a.m.
  • Length: 12:26

All games in this series

Show
View Real Time Build Order
Export as new Build Order

Creator Protoss - Winner!

Build Orders: 1 Gate Expand, Oracle Opening 

Get SALT Encoding   

  12  0:00  Probe  
  13  0:12  Probe  
  14  0:17  Pylon  
  14  0:24  Probe (Chrono Boost)  
  15  0:36  Gateway, Probe (Chrono Boost)  
  16  0:44  Probe (Chrono Boost)  
  16  0:45  Assimilator  
  17  0:51  Probe  
  18  1:03  Probe  
  19  1:15  Probe  
  20  1:23  Nexus  
  20  1:34  Cybernetics Core  
  20  1:35  Probe  
  21  1:41  Assimilator  
  21  1:47  Probe  
  22  1:54  Pylon  
  22  1:59  Probe  
  23  2:09  Adept (Chrono Boost)  
  23  2:12  Probe  
  26  2:18  Stargate  
  26  2:24  Probe (Chrono Boost), Warp Gate  
  26  2:29  Adept (Chrono Boost)  
  27  2:35  Probe (Chrono Boost)  
  32  2:45  Probe x2 (Chrono Boost)  
  32  2:50  Probe (Chrono Boost)  
  32  2:52  Probe, Adept  
  36  3:00  Oracle (Chrono Boost)  
  36  3:03  Probe  
  36  3:04  Probe  
  41  3:11  Pylon  
  41  3:15  Probe  
  41  3:16  Probe  
  43  3:25  Gateway  
  43  3:28  Probe x2  
  43  3:30  Oracle (Chrono Boost)  
  48  3:39  Adept  
  48  3:40  Probe  
  48  3:41  Probe  
  48  3:46  Pylon  
  48  3:52  Probe  
  48  3:53  Probe  
  50  4:04  Probe  
  50  4:05  Probe  
  50  4:07  Nexus, Oracle  
  55  4:12  Pylon  
  55  4:16  Probe  
  56  4:17  Probe, Adept  
  56  4:18  Assimilator  
  59  4:25  Assimilator  
  59  4:26  Twilight Council  
  59  4:30  Forge  
  59  4:34  Probe (Chrono Boost)  
  59  4:36  Stalker  
  59  4:37  Probe (Chrono Boost)  
  63  4:43  Pylon  
  64  4:46  Probe (Chrono Boost)  
  64  4:51  Probe (Chrono Boost)  
  65  4:53  Probe (Chrono Boost)  
  65  4:58  Blink (Chrono Boost), Probe  
  67  5:01  Gateway  
  67  5:02  Probe  
  68  5:09  Gateway  
  68  5:10  Gateway, Protoss Ground Weapons Level 1  
  68  5:14  Probe  
  68  5:15  Probe  
  68  5:17  Shield Battery  
  68  5:20  Probe  
  70  5:23  Probe  
  70  5:27  Probe  
  70  5:28  Robotics Facility  
  73  5:29  Probe, Pylon  
  73  5:31  Probe  
  75  5:39  Probe x2  
  75  5:41  Probe  
  77  5:44  Stalker x2  
  77  5:46  Pylon  
  82  5:51  Probe  
  82  5:52  Probe  
  82  5:54  Probe  
  85  5:57  Assimilator  
  85  5:58  Assimilator  
  85  6:03  Probe, Stalker  
  88  6:05  Pylon  
  88  6:06  Stalker x2  
  88  6:07  Stalker  
  88  6:08  Stalker  
  96  6:14  Photon Cannon  
  96  6:17  Observer  
  97  6:26  Stalker  
  97  6:29  Pylon, Stalker x2  
  97  6:30  Stalker  
  97  6:31  Stalker  
  107  6:38  Robotics Facility, Robotics Bay  
  107  6:44  Warp Prism  
  105  7:03  Stalker x5  
  105  7:05  Gateway  
  105  7:06  Gateway  
  115  7:08  Gateway  
  115  7:09  Probe x3  
  116  7:23  Colossus (Chrono Boost)  
  116  7:29  Pylon  
  122  7:31  Pylon  
  122  7:35  Protoss Ground Weapons Level 2 (Chrono Boost)  
  122  7:45  Colossus (Chrono Boost)  
  122  7:46  Extended Thermal Lance, Pylon  
  122  7:48  Pylon  
  126  7:59  Stalker x5  
  126  8:03  Pylon  
  136  8:09  Colossus  
  138  8:25  Stalker x3  
  138  8:26  Stalker x3  
  136  8:28  Nexus  
  136  8:37  Probe x2  
  136  8:38  Pylon, Colossus (Chrono Boost)  
  140  8:50  Templar Archives  
  140  8:54  Photon Cannon, Stalker  
  140  8:55  Stalker  
  142  8:56  Probe x3  
  142  8:58  Charge (Chrono Boost)  
  145  9:13  Sentry  
  145  9:15  Zealot  
  149  9:17  Disruptor (Chrono Boost)  
  149  9:18  Zealot x4  
  161  9:27  Photon Cannon  
  161  9:28  Disruptor (Chrono Boost)  
  161  9:29  Shield Battery  
  161  9:30  Pylon  
  165  9:32  Assimilator  
  165  9:34  Assimilator  
  165  9:41  Warp Prism (Chrono Boost)  
  165  9:48  Immortal (Chrono Boost)  
  171  9:54  Photon Cannon  
  171  9:56  Pylon  
  171  9:57  High Templar  
  171  9:58  High Templar, Zealot x2  
  179  10:03  Archon  
  179  10:12  Zealot x4  
  187  10:14  Gateway  
  187  10:15  Gateway  
  169  10:34  High Templar x4, Stalker x2  
  181  10:35  Zealot x2  
  181  10:38  Archon x2  
  185  10:42  Nexus  
  185  10:47  Pylon  
  171  11:03  Stalker x2  
  171  11:04  Stalker x2  
  157  11:09  Stalker x5  
  154  11:24  Immortal x2  
  152  11:29  High Templar x4  
  152  11:30  Zealot  
  162  11:33  Archon  
  162  11:34  Archon  
  162  11:35  Probe x4  
  166  11:40  Zealot x4  
  174  11:47  High Templar  
  174  11:51  High Templar  
  158  12:11  High Templar x2, Stalker  
  162  12:18  Archon  
  162  12:19  Stalker x3  
  162  12:20  Stalker  
  158  12:26  Photon Cannon  
Show
View Real Time Build Order
Export as new Build Order

Mixu Zerg 

Build Orders: Hatch First 

Get SALT Encoding   

  12  0:01  Drone  
  13  0:14  Overlord  
  13  0:16  Drone  
  14  0:32  Drone x2  
  16  0:49  Hatchery  
  15  0:52  Drone  
  15  0:55  Drone  
  17  0:58  Drone  
  18  1:09  Extractor  
  17  1:13  Spawning Pool  
  17  1:17  Drone  
  17  1:20  Drone  
  18  1:30  Drone  
  19  1:41  Drone  
  20  1:53  Overlord  
  20  2:00  Queen x2  
  24  2:01  Zergling x2  
  24  2:02  Zergling x2  
  26  2:13  Drone x2, Metabolic Boost  
  28  2:25  Drone x2  
  30  2:36  Hatchery  
  29  2:40  Drone  
  29  2:41  Drone  
  31  2:45  Overlord  
  31  2:51  Queen  
  30  2:56  Drone  
  30  2:57  Drone  
  35  2:58  Drone  
  35  3:09  Overlord  
  35  3:10  Drone x3  
  35  3:12  Drone  
  39  3:16  Queen  
  39  3:18  Zergling x2  
  42  3:21  Zergling x2  
  43  3:32  Drone  
  42  3:35  Drone  
  43  3:42  Drone x3  
  43  3:43  Spore Crawler  
  43  3:48  Drone x2, Queen  
  48  3:58  Spore Crawler  
  46  4:07  Drone x4  
  46  4:09  Drone x2  
  52  4:14  Drone  
  52  4:18  Drone  
  52  4:19  Drone x4  
  52  4:24  Overlord  
  57  4:30  Zergling x2  
  57  4:31  Overlord  
  58  4:35  Extractor  
  58  4:38  Zergling x2  
  58  4:39  Drone, Roach Warren  
  58  4:46  Queen, Overlord  
  58  4:49  Drone x4  
  62  4:57  Drone x4  
  63  5:01  Drone x3  
  63  5:03  Drone  
  67  5:08  Drone x3  
  67  5:10  Evolution Chamber  
  67  5:12  Drone  
  70  5:14  Overlord  
  70  5:15  Drone x2  
  70  5:19  Lair  
  72  5:21  Spore Crawler  
  72  5:24  Drone x2  
  72  5:25  Extractor, Drone  
  72  5:28  Drone  
  73  5:35  Hatchery  
  73  5:36  Zergling x2  
  73  5:38  Drone  
  73  5:39  Drone x2  
  73  5:42  Overlord  
  76  5:44  Drone  
  76  5:48  Drone x2, Zerg Missile Weapons Level 1, Extractor  
  78  5:51  Extractor  
  77  5:59  Drone x3  
  77  6:00  Overlord x2  
  77  6:01  Drone x4  
  84  6:06  Extractor  
  84  6:10  Overlord  
  83  6:15  Zergling x2  
  83  6:16  Zergling x12  
  89  6:19  Glial Reconstitution  
  89  6:20  Roach x5  
  96  6:26  Overlord x2  
  96  6:27  Roach  
  96  6:32  Overseer, Roach x2  
  102  6:37  Roach  
  110  6:40  Roach x3  
  110  6:43  Queen  
  110  6:44  Overlord  
  110  6:45  Roach  
  114  6:49  Roach x3  
  114  6:52  Queen  
  114  6:53  Roach  
  123  6:56  Zergling x2, Roach  
  123  6:59  Roach x2  
  123  7:01  Zergling x2  
  122  7:04  Roach x2  
  122  7:05  Roach  
  122  7:08  Roach x2  
  129  7:13  Roach x3  
  129  7:14  Zergling x2  
  134  7:16  Zergling x4  
  134  7:22  Roach x4  
  136  7:25  Zergling x2  
  136  7:26  Zergling x4  
  135  7:32  Drone  
  135  7:33  Infestation Pit, Roach  
  135  7:34  Roach x2  
  140  7:38  Roach  
  140  7:39  Roach  
  143  7:47  Overlord  
  143  7:49  Overlord  
  138  7:53  Zergling x6  
  138  7:56  Zergling x12  
  132  8:03  Drone x5  
  132  8:04  Zerg Missile Weapons Level 2  
  137  8:07  Ravager  
  137  8:10  Zergling x8, Hive  
  134  8:14  Roach x4  
  134  8:18  Roach x3  
  134  8:19  Queen  
  143  8:23  Roach x2  
  142  8:27  Roach x2  
  142  8:32  Roach x4  
  151  8:38  Roach x3  
  151  8:39  Baneling Nest, Ravager x2  
  154  8:43  Roach x3  
  154  8:46  Roach  
  159  8:48  Ravager  
  159  8:50  Overlord x2  
  159  8:52  Drone x3  
  159  8:53  Drone  
  159  8:54  Drone  
  156  9:02  Roach x2  
  158  9:06  Zergling x2  
  158  9:08  Overlord x2  
  158  9:09  Zergling x12  
  165  9:13  Hatchery  
  164  9:21  Zergling x14  
  171  9:28  Viper x2  
  171  9:29  Zergling x4  
  179  9:35  Roach x2  
  179  9:36  Centrifugal Hooks  
  177  9:44  Overlord  
  177  9:45  Zergling x6, Extractor  
  173  9:48  Queen  
  173  9:49  Roach  
  173  9:52  Baneling x7  
  177  9:54  Overlord  
  177  9:55  Roach x4  
  177  9:58  Overlord  
  185  10:01  Baneling x10  
  185  10:06  Overlord  
  185  10:17  Zergling x18  
  185  10:26  Roach x3  
  187  10:28  Zergling x2  
  187  10:29  Zergling x8  
  187  10:31  Baneling x13  
  187  10:32  Zergling x8  
  194  10:37  Zergling x2  
  194  10:38  Zergling x8  
  194  10:40  Spine Crawler  
  194  10:41  Baneling x2  
  198  10:44  Zergling x4  
  198  10:45  Baneling x5  
  199  10:53  Zergling x6  
  179  11:00  Roach x5  
  179  11:03  Roach x3  
  169  11:08  Roach x3  
  169  11:09  Baneling x8  
  172  11:13  Roach  
  172  11:14  Roach x2, Queen  
  172  11:18  Roach x2  
  162  11:25  Roach x6  
  156  11:26  Ravager x3  
  156  11:32  Zergling x6  
  156  11:40  Roach x5  
  156  11:42  Zergling x6  
  156  11:46  Zergling x2  
  156  11:47  Zergling x2  
  166  12:02  Zergling x12  
  166  12:05  Zergling x6  
Tags
 
Add a new tag
Caveats
  • Supply blocks, unpowered buildings, or Contaminate may cause inaccurate times.
  • Supply counts are checked every 10 seconds.